 Dungeon Crawl Stone Soup version 0.31.0-11-ge490571c62 (webtiles) character file.

Game seed: 15252198544510475741

142 Gadfly the Ducker (level 5, -1/41 HPs)
             Began as a Demonspawn Monk on Jan 28, 2024.
             Slain by a gnoll
             ... wielding a +0 flail
              (7 damage)
             ... on level 4 of the Dungeon.
             The game lasted 00:03:14 (2568 turns).

Gadfly the Ducker (Demonspawn Monk)                 Turns: 2568, Time: 00:03:14

Health: -1/41      AC:  4    Str: 13    XL:     5   Next: 3%
Magic:  5/5        EV: 13    Int:  9    God:
Gold:   114        SH:  0    Dex: 15    Spells: 2/4 levels left

rFire   . . .        b - +1 hand axe (elec)
rCold   . . .        c - orb {light}
rNeg    . . .        a - +0 robe
rPois   .            (helmet restricted)
rElec   .            u - +0 cloak
rCorr   .            e - +0 pair of gloves
SInv    .            (no boots)
Will    .....        (no amulet)
Stlth   +            (no ring)
HPRegen 0.26/turn    (no ring)
MPRegen 0.09/turn

%: no passive effects
@: glowing
A: horns 2, talons 1, dopey 1
a: no special abilities


You were on level 4 of the Dungeon.
You visited 1 branch of the dungeon, and saw 4 of its levels.

You collected 114 gold pieces.

Inventory:

Hand Weapons
 b - a +1 hand axe of electrocution (weapon)
 p - a +2 whip of draining
Armour
 a - a +0 robe (worn)
 c - an orb of light (worn)
 e - a +0 pair of gloves (worn)
 u - a +0 cloak (worn)
Talismans
 n - a flux talisman
Scrolls
 d - a scroll of enchant weapon
Potions
 f - a potion of ambrosia
 g - a potion of might
 h - a potion of resistance {unknown}
 i - a potion of brilliance
 j - a potion of mutation
 k - a potion of curing {unknown}
 r - 2 potions of enlightenment


   Skills:
 - Level 3.0 Fighting
 + Level 3.2 Dodging
 + Level 3.1 Unarmed Combat
 * Level 2.5 Evocations
 * Level 2.1 Shapeshifting


You had 2 spell levels left.
You knew the following spells:

 Your Spells              Type           Power      Damage    Failure   Level
a - Blink                 Tloc           0%         N/A       52%         2

Your spell library contained the following spells:

 Spells                   Type           Power      Damage    Failure   Level
 Magic Dart               Conj           0%         1d3       38%         1
 Call Imp                 Summ           0%         N/A       52%         2
 Scorch                   Fire           0%         2d5       52%         2
 Stone Arrow              Conj/Erth      0%         3d7       77%         3
 Animate Armour           Summ/Erth      0%         N/A       99%         4
 Flame Wave               Conj/Fire      0%         2d4       99%         4
 Summon Cactus Giant      Summ           0%         N/A       100%        6
 Lehudib's Crystal Spear  Conj/Erth      0%         10d2      100%        8


Dungeon Overview and Level Annotations

Branches:
Dungeon (4/15)
 Temple: D:4-7

Altars:
Xom

Annotations:
D:4 Edmund, Grinder


Innate Abilities, Weirdness & Mutations

You have a pair of horns on your head.
You have sharp toenails.
You are dopey. (Int -2)


Message History

You kill the hobgoblin!
A gnoll comes into view. It is wielding a +0 whip.
The giant cockroach bites you but does no damage.
You hit the giant cockroach.
Lightning courses through the giant cockroach!
You kill the giant cockroach!
A gnoll comes into view.
It is wielding a +0 flail and carrying a wand of iceblast.
A gnoll comes into view. It is wielding a +0 flail.
The gnoll shouts! x2; You hear a shout! x2
A gnoll comes into view. It is wielding a +0 flail.
Grinder and a gnoll come into view.
Grinder shouts!
The gnoll shouts!
You hear a shout!
You hit the gnoll but do no damage. Your kick misses the gnoll.
A gnoll comes into view. It is wielding a +0 halberd.
The gnoll hits you with a +0 whip.
A gnoll comes into view. It is wielding a +0 halberd.
Edmund the Younger comes into view.
He is wielding a +2 flail of venom.
The gnoll shouts!
You hit the gnoll. You claw the gnoll. You headbutt the gnoll.
The gnoll is almost dead.
The gnoll barely misses you.
Grinder blinks!
You hit the gnoll. Lightning courses through the gnoll!
You kill the gnoll!
You hit the gnoll. The gnoll closely misses you. x2
The gnoll hits you with a +0 flail.
You slash the gnoll! You headbutt the gnoll.
You kill the gnoll!
You barely miss the gnoll.
The gnoll hits you from afar with a +0 halberd.
The gnoll hits you with a +0 flail!
A hobgoblin comes into view.
You have reached level 5!
The gnoll hits you with a +0 flail.
Grinder blinks!
The gnoll attacks as it pursues you! The gnoll misses you.
The gnoll attacks as it pursues you! The gnoll closely misses you.
The gnoll attacks as it pursues you! The gnoll hits you with a +0 flail!
* * * LOW HITPOINT WARNING * * *
The gnoll attacks as it pursues you! The gnoll closely misses you.
The gnoll attacks as it pursues you! The gnoll hits you with a +0 flail!
You die...

##### ######## ##...######
#......# #..#......
######......#####.#.)...### #
#.............##..........#.#
#..##########.##.............
##...## ##.....g.)....#
###..# #....@g.g@.)..# ##.##
#.......g..)...... #..#
#.......g...<.....
###.#####....########.....
#............. #....
#<...####....^. .... #..#.#
#....... .g. #...... #.... ..
#.##.##.


You could see Edmund and 5 gnolls.

Vanquished Creatures
  Crazy Yiuf (D:3)
  2 gnolls (D:4)
  4 adders
  2 dart slugs
  A ribbon worm (D:2)
  5 orcs (D:3)
  4 endoplasms
  2 giant cockroaches (D:4)
  A goblin (D:3)
  7 hobgoblins
  4 quokkas
  6 ball pythons (D:1)
  3 bats
  A frilled lizard (D:1)
  4 kobolds
  2 rats
49 creatures vanquished.

Notes
Turn   | Place    | Note
-------+----------+-------------------------------------------
     0 | D:1      | Gadfly the Demonspawn Monk began the quest for the Orb.
     0 | D:1      | Reached XP level 1. HP: 18/18 MP: 1/1
   183 | D:1      | Gained mutation: You have a pair of small horns on your
                  | head. [demonic ancestry]
   183 | D:1      | Reached XP level 2. HP: 24/24 MP: 2/2
   264 | D:1      | Reached skill level 1 in Evocations
   564 | D:1      | Reached skill level 1 in Shapeshifting
  1119 | D:2      | Gained mutation: You have a pair of horns on your head.
                  | [demonic ancestry]
  1119 | D:2      | Reached XP level 3. HP: 29/29 MP: 3/3
  1264 | D:2      | Learned a level 2 spell: Blink
  1389 | D:2      | Found a faded altar of an unknown god.
  1876 | D:3      | Reached XP level 4. HP: 28/35 MP: 4/4
  2128 | D:3      | Found a runed translucent door.
  2129 | D:3      | Noticed Crazy Yiuf
  2349 | D:3      | Found a shimmering altar of Xom.
  2412 | D:3      | Killed Crazy Yiuf
  2463 | D:3      | Gained mutation: You are dopey. (Int -2) [potion of
                  | mutation]
  2463 | D:3      | Gained mutation: You have sharp toenails. [potion of
                  | mutation]
  2559 | D:4      | Noticed Grinder
  2560 | D:4      | Noticed Edmund
  2564 | D:4      | Reached XP level 5. HP: 23/41 MP: 5/5
  2568 | D:4      | Slain by a gnoll

Illustrated notes

Levels and vault maps discovered:
D:1:      dpeg_arrival_tiny_g, layout_basic
D:2:      layout_basic, hellmonk_ecumenical_altar_leap_of_faith
D:3:      layout_loops_ring, minitemple, uniq_crazy_yiuf_cottage
D:4:      layout_rooms, serial_shops, shop, uniq_grinder, uniq_edmund

Skill      XL: |  1  2  3  4 |
---------------+-------------+-----
Evocations     | 1 2 |  2.5
Shapeshifting  | 1 2 |  2.1
Dodging        | 3 |  3.2
Unarmed Combat | 3 |  3.1
Fighting       | |  3.0

Action                     |  1- 3 |  4- 6 || total
---------------------------+-------+-------++-------
  Melee: Unarmed           |    43 |       ||    43
         Hand axe          |    29 |    24 ||    53
         Headbutt          |     5 |     4 ||     9
         Kick              |       |     3 ||     3
    Use: Scroll            |     4 |     5 ||     9
         Potion            |     1 |     1 ||     2
 Armour: Robe              |    25 |    15 ||    40
  Dodge: Dodged            |    56 |    15 ||    71
